 Dungeon Crawl Stone Soup version 0.25-a0-464-g3004169c2b (webtiles) character file.

Game seed: 7996549637498568334, levelgen mode: deterministic

54 night the Sneak (level 3, -2/25 HPs)
             Began as an Octopode Assassin on Feb 4, 2020.
             Slain by Robin
             ... wielding a +0 short sword
              (3 damage)
             ... on level 2 of the Dungeon.
             The game lasted 00:02:20 (1281 turns).

night the Sneak (Octopode Assassin)                 Turns: 1281, Time: 00:02:21

Health: -2/25      AC:  1    Str: 10    XL:     3   Next: 91%
Magic:  3/3        EV: 13    Int: 14    God:
Gold:   35         SH:  0    Dex: 13    Spells: 2/2 levels left

rFire    . . .     SeeInvis .   a - +2 dagger
rCold    . . .     Gourm    .   (no shield)
rNeg     . . .     Faith    .   (helmet restricted)
rPois    .         Spirit   .   (no amulet)
rElec    .         Reflect  .   (no ring)
rCorr    .         Harm     .   (no ring)
MR       .....                  (no ring)
Stlth    ++++......             (no ring)
HPRegen  0.08/turn              (no ring)
MPRegen  0.08/turn              (no ring)
                                (no ring)
                                (no ring)

@: no status effects
A: almost no armour, stealthy swim, amphibious, 8 rings, constrict 8, camouflage
1, gelatinous body 1
a: no special abilities


You were on level 2 of the Dungeon.
You were not hungry.

You visited 1 branch of the dungeon, and saw 2 of its levels.

You collected 35 gold pieces.

Inventory:

Hand Weapons
 a - a +2 dagger (weapon)
 j - a +0 whip of electrocution
Missiles
 b - 6 poisoned darts (quivered)
 c - 2 curare-tipped darts
 e - a throwing net
Scrolls
 h - 3 scrolls of remove curse {unknown}
 i - 5 scrolls of teleportation {unknown}
 k - a scroll of enchant weapon {unknown}
Potions
 f - a potion of degeneration {unknown}
 g - a potion of curing {unknown}
 l - a potion of flight {unknown}
 m - a potion of haste {unknown}
Comestibles
 d - 3 rations


   Skills:
 + Level 2.7 Fighting
 - Level 2.0 Short Blades
 + Level 2.6 Throwing
 + Level 1.9 Dodging
 + Level 5.8 Stealth


You had 2 spell levels left.
You didn't know any spells.
Your spell library was empty.

Dungeon Overview and Level Annotations

Branches:
Dungeon (2/15)

Altars:

Annotations:
D:2 Robin


Innate Abilities, Weirdness & Mutations

You cannot wear most types of armour.
You are very stealthy in the water. (Stealth+)
You are amphibious.
You can wear up to eight rings at the same time.
You can use your tentacles to constrict eight enemies at once.
Your skin changes colour to match your surroundings (Stealth+).
Your rubbery body absorbs attacks. (AC +1, EV +1)


Message History

You hit Robin but do no damage. You constrict Robin, but do no damage.
The hobgoblin hits you.
You are too injured to fight recklessly!
You are too injured to fight recklessly!
You completely miss Robin. You constrict Robin, but do no damage.
Robin closely misses you. The hobgoblin closely misses you.
You hit Robin.
Robin is moderately wounded.
You constrict Robin. Robin hits you with a +0 short sword!
* * * LOW HITPOINT WARNING * * *
The hobgoblin hits you but does no damage.
You hit Robin but do no damage.
Robin is heavily wounded.
You constrict Robin, but do no damage. Robin closely misses you.
The hobgoblin hits you.
* * * LOW HITPOINT WARNING * * *
You hit Robin but do no damage.
Robin is heavily wounded.
You constrict Robin. Robin hits you with a +0 short sword.
You die...

#...# ##.### #...# .....
#...######## #..# ..
........##.####..###....
........................
........##.####..###....
#...######## #..........
#...# #.g)...!.# #...#
#(#@##.### #...# #.#g# #
...## #.#.# #### #.... #
###.# # #.# ## ########
#.. .###......# ###
.....####.#


You could see Robin and a hobgoblin.

Vanquished Creatures
  A leopard gecko (D:1)
  6 bats (D:1)
  2 giant cockroaches (D:1)
  11 goblins
  9 hobgoblins
  4 jackals (D:1)
  2 frilled lizards (D:1)
  5 kobolds
  5 rats (D:1)
45 creatures vanquished.

Notes
Turn   | Place    | Note
-------+----------+-------------------------------------------
     0 | D:1      | night the Octopode Assassin began the quest for the Orb.
     0 | D:1      | Reached XP level 1. HP: 14/14 MP: 1/1
   201 | D:1      | Reached XP level 2. HP: 19/19 MP: 2/2
   548 | D:1      | Reached XP level 3. HP: 21/25 MP: 3/3
  1262 | D:2      | Noticed Robin
  1280 | D:2      | HP: 1/25 [hobgoblin[Robin] (5)]
  1281 | D:2      | Slain by Robin

Levels and vault maps discovered:
D:1:      giann_wishing_wells, layout_basic, minmay_stone_trees_small
D:2:      layout_loops_cross, bloody_trog, uniq_robin

Action                   || total
-------------------------++-------
Melee: Dagger            ||   100
       Constrict         ||    25
       Tentacles         ||     7
Throw: Dart              ||     7
 Stab: Sleeping          ||     8
  Eat: Chunk             ||     1
Armor: Skin              ||    16
Dodge: Dodged            ||    56

Table legend:
 A = Non-vault XP
 B = Vault XP
 C = Vault XP percentage of total XP
 D = Non-vault monster count
 E = Vault monster count
 F = Vault count percentage of total count
                 A         B        C        D         E       F
            +---------+---------+-------+---------+---------+-------
      Total |      64 |      14 |  17.9 |      38 |       7 |  15.6
            +---------+---------+-------+---------+---------+-------
        D:1 |      57 |       0 |   0.0 |      34 |       0 |   0.0
        D:2 |       7 |      14 |  66.7 |       4 |       7 |  63.6
            +---------+---------+-------+---------+---------+-------
